AoeStats
← VaporingCat7235

Arabia

510332644Analyzed
1v1 RM · 17h ago on Sep 30, 2026· 35m 17s· 2 players
Game mode
Random Map
Map size
Tiny (2 player)
Population
200
Speed
Normal
Resources
Standard
Victory
Conquest
Starting age
Dark Age
Ending age
Imperial Age
RankedLock teamsTeams togetherTeam positionsShared explorationLock speedFull tech treeHidden civsTurbo modeCheats
Victory
Defeat
🇪🇸 Franks · Spain
508
+20
🇪🇸 Persians · Spain
446
-14
mimi.glamur
3:19 Loom
13:15 Feudal Age
13:36 Double-Bit Axe
13:36 Horse Collar
14:34 Wheelbarrow
16:59 Gold Mining
19:58 Castle Age
19:59 Town Watch
21:03 Hand Cart
22:41 Gold Shaft Mining
23:04 Heavy Plow
23:20 Bow Saw
26:06 Scale Barding Armor
26:02 Scale Mail Armor
30:14 Imperial Age
30:02 Ballistics
29:40 Murder Holes
31:11 Elite Skirmisher
VaporingCat7235
4:48 Loom
12:58 Feudal Age
13:44 Double-Bit Axe
21:21 Castle Age
22:39 Wheelbarrow
25:13 Scale Barding Armor
25:19 Forging
27:34 Chain Barding Armor
30:50 Iron Casting
Connection lost

Rejoining the realm…

Still unreachable

The connection could not be restored.

Session expired

The server has moved on; the page needs a fresh start.